 Dungeon Crawl Stone Soup version 0.27.1-2-g3b301248ec (webtiles) character file.

Game seed: 255594576111197529

400 Descartes the Ruffian (level 6, 0/59 HPs)
             Began as a Troll Monk on Oct 5, 2021.
             Slain by a phantom (2 damage)
             ... on level 5 of the Dungeon.
             The game lasted 00:05:49 (3323 turns).

Descartes the Ruffian (Troll Monk)                  Turns: 3323, Time: 00:05:49

Health: 0/59       AC:  8    Str: 20    XL:     6   Next: 54%
Magic:  0/5        EV: 14    Int:  7    God:
Gold:   195        SH:  0    Dex: 13    Spells: 6/6 levels left

rFire    . . .     SeeInvis .     - Unarmed
rCold    . . .     Faith    .   (no shield)
rNeg     . . .     Spirit   +   a - +0 robe
rPois    +         Reflect  .   (helmet restricted)
rElec    .         Harm     .   (no cloak)
rCorr    .         Rampage  .   (gloves unavailable)
Will     .....                  (boots unavailable)
Stlth    ++........             y - amulet of guardian spirit
HPRegen  1.19/turn              n - +4 ring of evasion
MPRegen  0.09/turn              x - +4 ring of protection

@: lethally poisoned (0 -> 0), attractive, hasted, very quick
A: large, unfitting armour, claws 3, regeneration 1, shaggy fur 1, tough skin 1,
poison resistance, no potion heal 1
a: no special abilities


You were on level 5 of the Dungeon.
You visited 1 branch of the dungeon, and saw 5 of its levels.

You collected 195 gold pieces.

Inventory:

Missiles
 k - 138 stones (quivered)
 o - 20 bolts
 r - 58 sling bullets
 A - 2 boomerangs
Armour
 a - a +0 robe (worn)
Jewellery
 n - a +4 ring of evasion (left claw)
 x - a +4 ring of protection (right claw)
 y - an amulet of guardian spirit (around neck)
Wands
 z - a wand of flame (14)
Scrolls
 c - a scroll of magic mapping {unknown}
 d - 5 scrolls of enchant armour {unknown}
 e - a scroll of immolation {unknown}
 f - 3 scrolls of identify {unknown}
 h - a scroll of torment {unknown}
 i - 3 scrolls of fear {unknown}
 m - a scroll of noise {unknown}
 p - a scroll of amnesia {unknown}
 q - 2 scrolls of enchant weapon {unknown}
 s - a scroll of blinking {unknown}
 t - a scroll of summoning {unknown}
 u - a scroll of fog {unknown}
 v - 4 scrolls of teleportation {unknown}
Potions
 b - a potion of attraction
 g - a potion of degeneration {unknown}
 j - a potion of haste
 l - a potion of mutation
 w - a potion of flight {unknown}
 B - a potion of curing {unknown}
 C - a potion of berserk rage {unknown}


   Skills:
 - Level 2.4 Fighting
 + Level 1.2 Bows
 + Level 2.1 Throwing
 - Level 2.4 Dodging
 - Level 1.0 Stealth
 * Level 5.9 Unarmed Combat
 + Level 0.5 Spellcasting
 + Level 1.4 Translocations


You had 6 spell levels left.
You didn't know any spells.
Your spell library contained the following spells:

 Spells                   Type           Power      Damage    Failure   Level
 Slow                     Hex            0%         N/A       56%         2
 Confusing Touch          Hex            0%         N/A       80%         3
 Yara's Violent Unravell  Hex/Tmut       0%         3d3       100%        5


Dungeon Overview and Level Annotations

Branches:
Dungeon (5/15)
 Temple: D:4-7

Altars:
Makhleb

Annotations:
D:5 1 transporter


Innate Abilities, Weirdness & Mutations

You are too large for most types of armour.
You have claws for hands.
Your natural rate of healing is unusually fast.
You are covered in fur. (AC +1)
You have tough skin. (AC +1)
Your system is resistant to poisons. (rPois)
Potions are less effective at restoring your health.


Message History

The gnoll completely misses you. The gnoll closely misses you.
You claw the gnoll!
The gnoll is severely wounded.
You feel very sick.
The gnoll hits you with a +2 spear of venom.
The gnoll hits you with a +0 halberd. The gnoll hits you but does no damage.
You are too injured to fight recklessly!
You are too injured to fight recklessly!
Unknown command.
Unknown command.
You scratch the gnoll but do no damage. You claw the gnoll.
You kill the gnoll!
You feel sick.
The gnoll hits you with a +2 spear of venom.
You are more poisoned.
The gnoll hits you with a +0 spear.
* * * LOW HITPOINT WARNING * * *
You feel very sick. The phantom closely misses you.
The gnoll hits you from afar with a +2 spear of venom.
* * * LOW HITPOINT WARNING * * *
The bullfrog zombie hits you.
The gnoll hits you from afar with a +0 spear.
* * * LOW HITPOINT WARNING * * *
Items here: ))) [ †.
* * * LOW HITPOINT WARNING * * *
You feel very sick.
You feel sick.
* * * LOW HITPOINT WARNING * * *
You feel very sick.
It was a potion of haste.
You feel yourself speed up.
You feel sick. The phantom barely misses you. The gnoll barely misses you.
It was a potion of mutation.
You feel extremely strange.
Your system partially rejects the healing effects of potions.
You feel resistant to poisons.
You feel sick. The phantom closely misses you.
It was a potion of attraction.
You feel attractive to monsters.
You feel sick. The gnoll barely misses you. The phantom hits you.
You die...

##.....#
#.............#
###...##
..........#######
#..##
..........#○.○○○○
###
..........#○.○○°.
.
##........#○○#.#.
..
###.....©#°○©!..
##.
#......#○°#.#. .
#....###.○°○○○
#@...# ☼○○○○. .
#W..(# ###### ...
#gg..#....
#...##Z...$....
#............
##.)..##.....
##..## ..... ....
..... ##.## ####


You could see a phantom, 2 gnolls and a bullfrog zombie.

Vanquished Creatures
  A hound (D:5)
  A gnoll shaman (D:5)
  2 orc priests (D:3)
  An orc wizard (D:5)
  A hound skeleton (D:4)
  7 gnolls
  6 adders
  An adder skeleton (D:4)
  A worm (D:2)
  A dart slug (D:2)
  8 orcs
  11 endoplasms
  4 giant cockroaches
  8 goblins
  11 hobgoblins
  6 kobolds
  8 quokkas
  10 ball pythons
  12 bats
  5 frilled lizards
  4 rats
109 creatures vanquished.

Notes
Turn   | Place    | Note
-------+----------+-------------------------------------------
     0 | D:1      | Descartes the Troll Monk began the quest for the Orb.
     0 | D:1      | Reached XP level 1. HP: 22/22 MP: 0/0
   251 | D:1      | Reached XP level 2. HP: 29/29 MP: 1/1
   422 | D:1      | Reached skill level 4 in Unarmed Combat
   602 | D:1      | Found a faded altar of an unknown god.
   786 | D:1      | Reached XP level 3. HP: 36/36 MP: 2/2
  1322 | D:2      | Reached XP level 4. HP: 44/44 MP: 3/3
  1567 | D:3      | Reached skill level 5 in Unarmed Combat
  1979 | D:3      | Reached skill level 1 in Throwing
  2241 | D:3      | Reached XP level 5. HP: 27/50 MP: 4/4
  2538 | D:4      | Reached skill level 1 in Translocations
  2706 | D:4      | Reached skill level 1 in Bows
  2872 | D:4      | Found a burning altar of Makhleb.
  2966 | D:4      | Reached XP level 6. HP: 59/59 MP: 5/5
  3161 | D:5      | Entered Level 5 of the Dungeon
  3287 | D:5      | Found a transporter.
  3322 | D:5      | Gained mutation: Potions are less effective at restoring
                  | your health. [potion of mutation]
  3322 | D:5      | Gained mutation: Your system is resistant to poisons.
                  | (rPois) [potion of mutation]
  3323 | D:5      | HP: 2/59 [poisoned by a gnoll]
  3323 | D:5      | Slain by a phantom

Illustrated notes

Levels and vault maps discovered:
D:1:      elethiomel_arrival_shortcut, layout_basic, serial_rivers,
          chequers_serial_rivers_small_3, chequers_serial_rivers_large_a,
          chequers_serial_rivers_micro_e, chequers_serial_rivers_large_b,
          chequers_serial_rivers_micro_e, chequers_ecumenical_altar_grove
D:2:      layout_rooms
D:3:      layout_basic
D:4:      layout_loops_corners, lemuel_round_altar
D:5:      gammafunk_cloud_chamber, layout_cave_pods, chequers_big_river,
          kennysheep_generic_room_8

Skill      XL: |  1  2  3  4  5  6 |
---------------+-------------------+-----
Unarmed Combat | 4 5 |  5.9
Throwing       | 1 2 |  2.1
Translocations | 1 |  1.4
Bows           | 1 |  1.2
Fighting       | |  2.4
Dodging        | |  2.4
Stealth        | |  1.0
Spellcasting   | |  0.5

Action                   |  1- 3 |  4- 6 || total
-------------------------+-------+-------++-------
Melee: Unarmed           |   131 |   172 ||   303
       Punch             |     1 |     5 ||     6
  Use: Potion            |       |     3 ||     3
 Stab: Sleeping          |     2 |     6 ||     8
Armor: Robe              |    44 |    67 ||   111
Dodge: Dodged            |    56 |   110 ||   166
